 Dungeon Crawl Stone Soup version 0.21-a0-279-g6037ffb (webtiles) character file.

6 tidbits the Grave Robber (level 1, 11/14 HPs)
             Began as a Draconian Necromancer on Sept 23, 2017.
             Quit the game on level 2 of the Dungeon.
             The game lasted 00:02:06 (292 turns).

tidbits the Grave Robber (Draconian Necromancer)     Turns: 292, Time: 00:02:06

Health: 11/14      AC:  4    Str: 10    XL:     1   Next: 75%
Magic:  0/3        EV: 14    Int: 15    God:
Gold:   8          SH:  0    Dex: 11    Spells: 3/4 levels left

rFire    . . .     SeeInvis .   c - -1 club (curse)
rCold    . . .     Gourm    .   (no shield)
rNeg     . . .     Faith    .   (armour unavailable)
rPois    .         Spirit   .   (helmet restricted)
rElec    .         Reflect  .   (no cloak)
rCorr    .         Harm     .   (no gloves)
MR       .....                  (no boots)
Stlth    ++........             (no amulet)
HPRegen  0.04/turn              V - +2 ring of evasion (curse)
MPRegen  0.08/turn              (no ring)

@: no status effects
A: unfitting armour, cold-blooded, AC +4
a: no special abilities


You were on level 2 of the Dungeon.
You were not hungry.

You visited 1 branch of the dungeon, and saw 3 of its levels.

You collected 8 gold pieces.

Inventory:

Hand Weapons
 c - a cursed -1 club (weapon)
Jewellery
 V - a cursed +2 ring of evasion (left hand)
   (You found it on level 1 of the Dungeon)
Scrolls
 e - a scroll of blinking
Potions
 d - a potion of lignification {unknown}
Books
 a - a book of Necromancy

   Spells                             Type                      Level
   a - Pain                           Necromancy                   1
   b - Animate Skeleton               Necromancy                   1
   c - Vampiric Draining              Necromancy                   3
   d - Regeneration                   Charms/Necromancy            3
   e - Animate Dead                   Necromancy                   4
   f - Control Undead                 Necromancy                   4
Comestibles
 b - 2 bread rations
 f - 2 meat rations


   Skills:
 - Level 1.7 Dodging
 - Level 1.7 Stealth
 + Level 2.3 Spellcasting
 * Level 4.1 Necromancy


You had 3 spell levels left.
You knew the following spells:

 Your Spells              Type           Power        Failure   Level  Hunger
a - Pain                  Necr           ##..         4%          1    #......


Dungeon Overview and Level Annotations

Branches:
Dungeon (3/15)

Altars:

Annotations:
D:2 Natasha


Innate Abilities, Weirdness & Mutations

Your plain brown scales are hard. (AC +4)
You cannot fit into any form of body armour.
You are cold-blooded and may be slowed by cold attacks.


Message History

c - a cursed -1 club (weapon);
e - a scroll labeled ASUATWESMYTZ A kobold comes into view.
The kobold throws a stone.
The stone barely misses you.
Casting: Pain
Confirm with . or Enter, or press ? or * to list all spells.
You don't have enough magic to cast that spell.
The kobold throws a stone.
The stone misses you.
There is a stone staircase leading up here.
You climb upwards.
There is a stone staircase leading down here.
As you read the scroll labeled ASUATWESMYTZ, it crumbles to dust.
It is a scroll of enchant armour.
You aren't carrying any armour which can be enchanted further.
Found 2 scrolls labeled MOSMOSCHU DUDOA.
Autopickup is now off.
You see here 2 scrolls labeled MOSMOSCHU DUDOA.
Blink to where?
Press: ? - help, Dir - move target cursor You are very lightly contaminated with residual magic.
As you read the scroll labeled MOSMOSCHU DUDOA, it crumbles to dust.
It was a scroll of blinking.
You see here a scroll of blinking.
e - a scroll of blinking
There is a stone staircase leading down here.
You climb downwards.
Found a meat ration.
There is a stone staircase leading up here.
You see here a meat ration.
f - a meat ration
There is a stone staircase leading up here.
There is a stone staircase leading up here.
You climb upwards.
There is a stone staircase leading down here.
Your magical contamination has completely faded away.
Natasha, Servant of Life and Death comes into view.
There is a stone staircase leading down here.
There is a stone staircase leading up here.
You climb upwards.
There is a stone staircase leading down here.
Found a stone staircase leading down.
There is a stone staircase leading down here.
You climb downwards.
Level annotation: Natasha An adder and a quokka come into view.
Found a meat ration.
There is a stone staircase leading up here.
Casting: Pain
Confirm with . or Enter, or press ? or * to list all spells.
Aiming: Pain
Press: ? - help, Shift-Dir - straight line, f - quokka
Aim: a quokka (hasn't noticed you, chance to defeat MR: 83%)
The quokka writhes in agony!
The quokka bites you but does no damage.
Casting: Pain
Confirm with . or Enter, or press ? or * to list all spells.
Aiming: Pain
Press: ? - help, Shift-Dir - straight line, f/p - quokka
Aim: a quokka (almost dead, chance to defeat MR: 83%)
The quokka writhes in agony!
You kill the quokka!
The adder hisses angrily.
You see here a meat ration.
f - 2 meat rations (gained 1)
There is a stone staircase leading up here.
You climb upwards.
There is a stone staircase leading down here.
Found a stone staircase leading down.
There is a stone staircase leading down here.
You climb downwards.
Level annotation: Natasha
Found 16 stones.
There is a stone staircase leading up here.
A bat and a rat come into view.
Casting: Pain
Confirm with . or Enter, or press ? or * to list all spells.
Aiming: Pain
Press: ? - help, Shift-Dir - straight line, f - rat
Aim: a rat (hasn't noticed you, chance to defeat MR: 83%)
The rat barely resists.
Casting: Pain
Confirm with . or Enter, or press ? or * to list all spells.
Aiming: Pain
Press: ? - help, Shift-Dir - straight line, f - bat
Aim: a bat (chance to defeat MR: 83%)
The bat writhes in agony!
You kill the bat!
Casting: Pain
Confirm with . or Enter, or press ? or * to list all spells.
Aiming: Pain
Press: ? - help, Shift-Dir - straight line, f - rat
Aim: a rat (chance to defeat MR: 83%)
The rat writhes in agony!
You kill the rat!
Found an escape hatch in the floor.
You see here a bat corpse.
A hobgoblin comes into view. It is wielding a club.
The hobgoblin shouts!
Found 12 gold pieces.
Found 8 gold pieces.
Are you sure you want to abandon this character and quit the game? (Confirm with "yes".)

#.# ..
#.##########... .#
#.#............
....#.†............
#.............>..$#
#.######..........#
#..........#
#..........#
#....@.....#
#....g.....#
#..........#
#..........#
#..........#
###.####.### #. .#
#$ .#


You could see a hobgoblin.

Vanquished Creatures
  A goblin (D:3)
  A hobgoblin (D:3)
  A quokka (D:2)
  A bat (D:2)
  A frilled lizard (D:3)
  A rat (D:2)
6 creatures vanquished.

Notes
Turn   | Place    | Note
-------+----------+-------------------------------------------
     0 | D:1      | tidbits the Draconian Necromancer began the quest for the Orb.
     0 | D:1      | Reached XP level 1. HP: 14/14 MP: 3/3
   156 | D:2      | Noticed Natasha
   292 | D:2      | Quit the game

Vault maps used:
D:1:      mrwooster_arrival_statue
D:2:      nicolae_overflow_crystal_walls, kennysheep_okawaru_gauntlet,
          first_bread, uniq_natasha
D:3:      grunt_temple_overflow_gold_and_silver,
          chequers_ecumenical_altar_grove, uniq_ijyb, uniq_terence

Action                   || total
-------------------------++-------
Melee: Unarmed           ||     3
 Cast: Pain              ||     9
  Use: Scroll            ||     2
Armor: Skin              ||     1
Dodge: Dodged            ||     3

Table legend:
 A = Spawn XP
 B = Non-spawn XP
 C = Spawn XP percentage of total XP
 D = Spawn monster count
 E = Non-spawn monster count
 F = Spawn count percentage of total count
 G = Total turns spent on level
                    A         B        C        D         E        F      G
               +---------+---------+-------+---------+---------+-------+---------
         Total |       0 |       9 |   0.0 |       0 |       6 |   0.0 |   292
               +---------+---------+-------+---------+---------+-------+---------
           D:2 |       0 |       4 |   0.0 |       0 |       3 |   0.0 |   207
           D:3 |       0 |       5 |   0.0 |       0 |       3 |   0.0 |    41
               +---------+---------+-------+---------+---------+-------+---------

Table legend:
 A = Turns spent in this place as a percentage of turns spent in the entire game.
 B = Non-inter-level travel turns spent in this place as a percentage of non-inter-level travel turns spent in the entire game.
 C = Inter-level travel turns spent in this place as a percentage of turns spent in this place.
 D = Turns resting spent in this place as a percentage of non-inter-level travel turns spent in this place.
 E = Turns spent auto-exploring this place as a percentage of non-inter-level travel turns spent in this place.
 F = Non-inter-level travel turns spent in this place divided by the number of levels of this place that you've seen.
                   A       B       C       D       E      F
               +-------+-------+-------+-------+-------+----------------------
         Total | 100.0 | 100.0 |   0.0 |   0.0 |   0.0 |  97.3
       Dungeon | 100.0 | 100.0 |   0.0 |   0.0 |   0.0 |  97.3
               +-------+-------+-------+-------+-------+----------------------

Table legend:
 A = Kills in this place as a percentage of kills in entire the game.
 B = Kills by you in this place as a percentage of kills by you in the entire game.
 C = Kills by friends in this place as a percentage of kills by friends in the entire game.
 D = Other kills in this place as a percentage of other kills in the entire game.
 E = Experience gained in this place as a percentage of experience gained in the entire game.
 F = Experience gained in this place divided by the number of levels of this place that you have seen.
                   A       B       C       D       E      F
               +-------+-------+-------+-------+-------+----------------------
         Total | 100.0 | 100.0 |   N/A |   N/A | 100.0 |   3.0
       Dungeon | 100.0 | 100.0 |   N/A |   N/A | 100.0 |   3.0
               +-------+-------+-------+-------+-------+----------------------

Vault maps used:
D:1:      mrwooster_arrival_statue
D:2:      nicolae_overflow_crystal_walls, kennysheep_okawaru_gauntlet,
          first_bread, uniq_natasha
D:3:      grunt_temple_overflow_gold_and_silver,
          chequers_ecumenical_altar_grove, uniq_ijyb, uniq_terence
